 Dungeon Crawl Stone Soup version 0.28-b1-1-g3c77fb2ed1 (webtiles) character file.

Game seed: 16580619485599657486

105 vvl the Ruffian (level 4, -9/36 HPs)
             Began as a Draconian Transmuter on Jan 28, 2022.
             Mangled by an ice beast (12 damage)
             ... on level 3 of the Dungeon.
             The game lasted 00:04:06 (2466 turns).

vvl the Ruffian (Draconian Transmuter)              Turns: 2466, Time: 00:04:06

Health: -9/36      AC:  5    Str: 14    XL:     4   Next: 53%
Magic:  8/8        EV: 12    Int: 13    God:
Gold:   106        SH:  0    Dex: 12    Spells: 7/8 levels left

rFire   . . .      SeeInvis .   e - +0 mace (drain)
rCold   . . .      Faith    .   (no shield)
rNeg    . . .      Spirit   .   (armour unavailable)
rPois   .          Reflect  .   (helmet currently unavailable)
rElec   .          Harm     .   (no cloak)
rCorr   .          Rampage  .   (no gloves)
Will    .....                   (boots currently unavailable)
Stlth   +.........              (no amulet)
HPRegen 0.12/turn               (no ring)
MPRegen 0.11/turn               (no ring)

@: confused, mighty, appendages, ambrosia-drunk, slowed, very slow
A: horns 2, talons 2, AC +5, unfitting armour, cold-blooded
a: End Transformation


You were on level 3 of the Dungeon.
You had temporarily grown beastly horns and talons.
You visited 1 branch of the dungeon, and saw 4 of its levels.

You collected 106 gold pieces.

Inventory:

Hand Weapons
 e - a +0 mace of draining (weapon)
Armour
 j - a +2 pair of boots (melded)
Scrolls
 a - 2 scrolls of identify {unknown}
 f - a scroll of enchant armour {unknown}
 h - a scroll of summoning {unknown}
 i - 2 scrolls of teleportation {unknown}
Potions
 c - a potion of cancellation {unknown}
 d - a potion of attraction {unknown}


   Skills:
 + Level 2.0 Fighting
 - Level 2.0 Dodging
 + Level 3.8 Unarmed Combat
 + Level 2.7 Spellcasting
 + Level 0.9 Conjurations
 + Level 2.8 Transmutations


You had 7 spell levels left.
You knew the following spells:

 Your Spells              Type           Power      Damage    Failure   Level
a - Beastly Appendage     Tmut           18%        N/A       8%          1

Your spell library contained the following spells:

 Spells                   Type           Power      Damage    Failure   Level
 Wereblood                Tmut           9%         N/A       11%         2
 Foxfire                  Conj/Fire      12%        2x1d4     21%         1
 Spider Form              Tmut/Pois      5%         N/A       36%         3
 Conjure Flame            Conj/Fire      3%         6-21      52%         3
 Inner Flame              Hex/Fire       1%         N/A       56%         3
 Ice Form                 Ice/Tmut       5%         N/A       78%         4
 Flame Wave               Conj/Fire      3%         2d4       89%         4


Dungeon Overview and Level Annotations

Branches:
Dungeon (4/15)
 Temple: D:4-7

Altars:

Annotations:
D:3 1 runed translucent door, dornbeast's ghost, weakling DECj


Innate Abilities, Weirdness & Mutations

You have temporarily grown beastly horns and talons.
Your plain brown scales are hard. (AC +5)
You cannot fit into any form of body armour.
You are cold-blooded and may be slowed by cold attacks.


Message History

A frilled lizard comes into view.
You grow a pair of large bovine horns.
Your feet morph into talons.
Your +2 pair of boots melds into your body.
The frilled lizard hisses angrily.
You barely miss the frilled lizard. You claw the frilled lizard.
You kill the frilled lizard!
No target in view!
No target in view!
No target in view!
Your transformation is almost over.
You see here a frilled lizard corpse.
There is an escape hatch in the ceiling here.
An ice beast comes into view.
Found an escape hatch in the floor.
An ice beast is nearby!
An ice beast is nearby!
You extend your transformation's duration.
The ice beast hits you. The ice beast freezes you!
You feel yourself slow down.
You completely miss the ice beast. Your headbutt misses the ice beast.
You feel yourself speed up. The ice beast misses you. The ice beast hits you.
The ice beast freezes you! The ice beast closely misses you.
You are too injured to fight recklessly!
You are too injured to fight recklessly!
You are too injured to fight recklessly!
You are too injured to fight recklessly!
You are too injured to fight recklessly!
You are too injured to fight recklessly!
You barely miss the ice beast. The ice beast barely misses you.
It was a potion of might.
You feel very mighty all of a sudden. The ice beast hits you.
The ice beast freezes you!
You feel yourself slow down.
* * * LOW HITPOINT WARNING * * *
Unknown command.
It was a potion of ambrosia.
You are confused.
You feel invigorated. The ice beast hits you.
* * * LOW HITPOINT WARNING * * *
The ice beast freezes you!
You die...

.... #### # ##
.## ###. #.# .>.
#.# ######.###.#
.......Y@<.#
########.#.#
#.#.# #.#†#
##.#.#
#####....#
#######.....#..#
#..............#
#.#####.###.##.#


You could see an ice beast.

Vanquished Creatures
  Terence (D:2)
  An adder (D:2)
  A dart slug (D:3)
  7 bats
  4 endoplasms
  2 giant cockroaches (D:2)
  3 goblins
  5 hobgoblins
  5 jackals
  6 kobolds
  8 quokkas
  6 ball pythons
  10 frilled lizards
  3 rats
62 creatures vanquished.

Notes
Turn   | Place    | Note
-------+----------+-------------------------------------------
     0 | D:1      | vvl the Draconian Transmuter began the quest for the Orb.
     0 | D:1      | Reached XP level 1. HP: 16/16 MP: 3/3
   161 | D:1      | Reached XP level 2. HP: 18/23 MP: 3/5
   731 | D:1      | Reached XP level 3. HP: 10/28 MP: 4/6
  1501 | D:2      | Noticed Terence
  1512 | D:2      | Killed Terence
  1794 | D:2      | Reached XP level 4. HP: 32/34 MP: 5/7
  2013 | D:2      | You fall into a shaft and drop 2 floors!
  2405 | D:3      | Found a runed translucent door.
  2405 | D:3      | Noticed dornbeast's ghost (weakling DECj)
  2416 | D:3      | Found a faded altar of an unknown god.
  2459 | D:3      | Noticed an ice beast
  2465 | D:3      | HP: 1/36 [ice beast (14)]
  2466 | D:3      | Mangled by an ice beast

Illustrated notes

Levels and vault maps discovered:
D:1:      psy_arrival_dodecagon, layout_basic
D:2:      layout_basic, uniq_terence
D:3:      layout_loops_ring, hellmonk_ghost_happy_afterlife,
          basic_ecumenical_altar, serial_shops, nicolae_shop_statue_plus
D:4:      minmay_thinvault, layout_loops_corners,
          grunt_temple_overflow_growth_and_decay, minmay_temple_entry_nine_rooms

Skill      XL: |  1  2  3  4 |
---------------+-------------+-----
Dodging        | 2 |  2.0
Fighting       | 2 |  2.0
Unarmed Combat | |  3.8
Spellcasting   | |  2.7
Conjurations   | |  0.9
Transmutations | |  2.8

Action                   |  1- 3 |  4- 6 || total
-------------------------+-------+-------++-------
Melee: Unarmed           |    99 |       ||    99
       Tailslap          |    11 |     4 ||    15
       Kick              |    17 |     6 ||    23
       Headbutt          |    12 |     5 ||    17
       Mace              |     4 |    45 ||    49
       Punch             |       |     2 ||     2
 Cast: Beastly Appendage |    25 |    15 ||    40
  Use: Potion            |       |     2 ||     2
Armor: Skin              |    25 |    12 ||    37
Dodge: Dodged            |    62 |    44 ||   106
